 Dungeon Crawl Stone Soup version 0.17.1-3-g152610e (webtiles) character file.

9643 kaze the Fighter (level 11, -5/72 HPs)
             Began as a Gargoyle Berserker on Mar 26, 2016.
             Was a High Priest of Trog.
             Killed from afar by Frances (19 damage)
             ... with an iron shot
             ... on level 12 of the Dungeon.
             The game lasted 00:20:58 (9098 turns).

kaze the Fighter (Gargoyle Berserker)               Turns: 9098, Time: 00:20:58

Health: -5/72      AC: 23    Str: 21 (25) XL:     11   Next: 49%
Magic:  0/2        EV: 17    Int:  7      God:    Trog [*****.]
Gold:   657        SH:  0    Dex: 17      Spells: 0 memorised, 10 levels left

rFire  . . .     SeeInvis .     q - +3 quarterstaff "Fyoraixip" {freeze, +Blink +Rage MP-9 Dex+5}
rCold  + . .     Clarity  +     E - +1 leather armour of the Forsaken Spirits {rC+ rN+ Dex+4 Stlth+} (curse)
rNeg   + + +     SustAt   .     (shield currently unavailable)
rPois  ∞         Gourm    .     x - +2 hat
rElec  +         Spirit   +     (no cloak)
rCorr  .         Warding  .     (no gloves)
rMut   .         Stasis   .     (no boots)
MR     ++...                    k - amulet of guardian spirit
Stlth  +++.......               h - +5 ring of protection
                                r - ring of positive energy

@: exhausted, regenerating, slowed, very slow, very resistant to hostile
enchantments, fairly stealthy
A: rough black scales 1, clarity, negative energy resistance 1, electricity
resistance, wild magic 1, unbreathing, petrification resistance, rot immunity,
MP-powered wands, AC +7
a: Berserk, Trog's Hand, Brothers in Arms, Burn Spellbooks, Renounce Religion,
Evoke Blink, Evoke Berserk Rage


You were on level 12 of the Dungeon.
You worshipped Trog.
Trog was extremely pleased with you.
You were not hungry.

You visited 1 branch of the dungeon, and saw 10 of its levels.
You also visited: Sewer.

You collected 657 gold pieces.

Inventory:

Hand Weapons
 d - a +4 flail of crushing
 q - the +3 quarterstaff "Fyoraixip" (weapon) {freeze, +Blink +Rage MP-9 Dex+5}
   (You found it on level 6 of the Dungeon)

   It has been specially enchanted to freeze those struck by it, causing extra
   injury to most foes and up to half again as much damage against particularly
   susceptible opponents.
   It can also slow down cold-blooded creatures.
   It affects your dexterity (+5).
   It affects your magic capacity (-9).
   It lets you blink.
   It lets you go berserk.
 v - a +2 mace of protection
 z - a +4 trident
 A - a +4 long sword
Missiles
 y - 6 javelins of penetration (quivered)
Armour
 s - a +0 plate armour
 x - a +2 hat (worn)
 E - the cursed +1 leather armour of the Forsaken Spirits (worn) {rC+ rN+ Dex+4 Stlth+}
   (You found it on level 11 of the Dungeon)

   It affects your dexterity (+4).
   It protects you from cold.
   It protects you from negative energy.
   It makes you more stealthy.
   It has a curse placed upon it.
Jewellery
 h - a +5 ring of protection (right hand)
 k - an amulet of guardian spirit (around neck)
 r - a ring of positive energy (left hand)
Wands
 b - a wand of cold (7)
 o - a wand of flame (11)
 D - a wand of lightning (9)
 F - a wand of frost (26)
 G - a wand of fireball (10)
Scrolls
 a - 2 scrolls of teleportation
 m - 3 scrolls of fear
 C - a scroll of recharging
Potions
 e - 3 potions of heal wounds
 j - 5 potions of brilliance
 l - 3 potions of curing
 n - a potion of might
Comestibles
 c - 3 bread rations
 g - a beef jerky
 i - 2 slices of pizza
 p - 9 fruits
 t - 11 royal jellies


   Skills:
 + Level 9.7 Fighting
 + Level 6.7(8.3) Maces & Flails
 + Level 7.6(8.8) Staves
 + Level 8.6 Armour
 + Level 7.9 Dodging
 + Level 3.2 Stealth


You had 10 spell levels left.
You didn't know any spells.

Dungeon Overview and Level Annotations

Branches:
Dungeon (12/15)            Temple (0/1) D:6             Orc (0/4) D:10
   Lair: D:8-11

Altars:
Ashenzari
Dithmenos
Fedhas
Gozag
Kikubaaqudgha
Okawaru
Ru
Trog
Xom
Yredelemnul

Annotations:
D:7 Prince Ribbit
D:12 Frances


Innate Abilities, Weirdness & Mutations

You are resistant to torment.
Your stone body is resilient (AC +7).
You are immune to poison.
You resist negative energy.
You are resistant to electric shocks.
You can survive without breathing.
You are immune to petrification.
You are immune to rotting.
You are partially covered in rough black scales (AC +4, Dex -1).
You possess an exceptional clarity of mind.
Your spells are a little harder to cast, but a little more powerful.
You expend magic power (3 MP) to strengthen your wands.


Message History

The hellwing closely misses you. The hellwing barely misses you.
Frances hits you with a glaive.
* * * LOW HITPOINT WARNING * * *
You feel a strong urge to attack something.
You feel your anger subside.
You are no longer berserk.
You are exhausted.
You feel yourself slow down.
The sun demon disappears in a puff of smoke!
Frances hits you from afar with a glaive.
* * * LOW HITPOINT WARNING * * *
Frances closely misses you. The hellwing barely misses you.
The hellwing hits you.
* * * LOW HITPOINT WARNING * * *
Frances hits you from afar with a glaive.
* * * LOW HITPOINT WARNING * * *
Frances is no longer moving quickly.
Frances completely misses you.
Frances mutters in a terrible tongue.
The iron shot hits you!
You die...

.. #.............#........#.. #..
#..###........#........#..
#..#####..#.#........########'#.#
#.........#.#...................#
###......#.#######.............#
#......#.......#..........<..#
#...####.......##########....#
#...#.....4.............#....#
#...#....4@..@..........#....#
++##...#...##########...[..#....#
.......#...# #......#....#
.<.....#...# #......#....#
.......#..4# #......#....#
.......###.# #......#....#
.........#.# #......#....+
####.....#.. .........'....#
+.....### ###....>.#....#


You could see Frances, a hellwing and a red devil.

Vanquished Creatures
  Urug (D:11)
  2 hill giants
  2 cyclopes (D:11)
  A gargoyle (D:12)
  The ghost of cada the Skirmisher, a novice OpFi of Cheibriados (Sewer)
  3 two-headed ogres (D:11)
  Sigmund (D:4)
  A wraith (D:10)
  5 yaks (D:10)
  2 deep elf magi (D:10)
  A hungry ghost (D:10)
  Eustachio (D:5)
  A hill giant zombie (D:10)
  Grum (D:11)
  3 wolves (D:11)
  A water moccasin (D:11)
  2 sky beasts
  A black bear (D:10)
  An ice beast (D:5)
  3 orc warriors
  A phantom (D:10)
  4 centaurs (D:11)
  3 ogres
  Blork the orc (D:5)
  5 big kobolds (Sewer)
  6 giant frogs
  2 giant frog zombies
  2 crimson imps
  A hound (D:10)
  3 vampire bats (D:2)
  5 orc priests
  A quasit (D:10)
  3 jellies (D:10)
  6 orc wizards
  2 centaur skeletons
  3 giant frog skeletons
  2 iguanas
  6 worker ants
  5 ogre zombies (D:10)
  A river rat (Sewer)
  16 adders
  5 gnolls
  A shadow imp (D:5)
  An adder zombie (D:5)
  13 oozes
  4 worms
  22 orcs
  6 bats
  4 bat zombies (D:2)
  7 giant cockroaches
  9 hobgoblins
  9 kobolds
  6 quokkas
  2 ball pythons (Sewer)
  6 giant geckos
  4 giant newts
  8 goblins
  A goblin skeleton (D:10)
  A goblin zombie (D:10)
  A hobgoblin skeleton (D:10)
  3 hobgoblin zombies (D:10)
  6 jackals
  A jackal skeleton (D:4)
  2 orc skeletons (D:10)
  11 orc zombies (D:10)
  A quokka skeleton (D:6)
  16 rats
262 creatures vanquished.

Notes
Turn   | Place    | Note
--------------------------------------------------------------
     0 | D:1      | kaze the Gargoyle Berserker began the quest for the Orb.
     0 | D:1      | Reached XP level 1. HP: 14/14 MP: 1/1
   186 | D:1      | Reached XP level 2. HP: 10/19 MP: 2/2
   411 | D:1      | Reached XP level 3. HP: 18/24 MP: 3/3
   655 | D:1      | Reached skill level 4 in Fighting
   724 | D:2      | Reached ** piety under Trog
   999 | D:2      | Found a blossoming altar of Fedhas.
  1099 | D:2      | Found an ancient bone altar of Kikubaaqudgha.
  1107 | D:2      | Reached XP level 4. HP: 26/29 MP: 2/4
  1126 | D:2      | Reached XP level 5. HP: 28/34 MP: 5/5
  1700 | D:3      | Reached XP level 6. HP: 39/39 MP: 6/6
  1734 | D:3      | Found a sacrificial altar of Ru.
  1989 | D:4      | Reached *** piety under Trog
  2068 | D:4      | Found an opulent altar of Gozag.
  2101 | D:4      | Found a glowing drain.
  2147 | Sewer    | Entered a sewer
  2149 | Sewer    | Noticed cada's ghost (novice OpFi)
  2178 | Sewer    | Killed cada's ghost
  2178 | Sewer    | Reached skill level 5 in Fighting
  2178 | Sewer    | Reached XP level 7. HP: 11/44 MP: 1/7
  2412 | Sewer    | Reached skill level 5 in Maces & Flails
  2787 | Sewer    | Reached XP level 8. HP: 51/51 MP: 8/8
  2889 | Sewer    | Reached skill level 6 in Fighting
  3076 | D:4      | Reached skill level 5 in Armour
  3119 | D:4      | Found an iron altar of Okawaru.
  3335 | D:4      | Found a shattered altar of Ashenzari.
  3380 | D:4      | Noticed Sigmund
  3713 | D:4      | Killed Sigmund
  3713 | D:4      | Reached skill level 1 in Stealth
  3762 | D:4      | Gained mutation: You are surrounded by a mild repulsion field (EV +2). [potion of mutation]
  3762 | D:4      | Gained mutation: Your spells are a little harder to cast, but a little more powerful. [potion of mutation]
  3762 | D:4      | Gained mutation: You possess an exceptional clarity of mind. [potion of mutation]
  4203 | D:5      | Entered Level 5 of the Dungeon
  4273 | D:5      | Noticed Eustachio
  4290 | D:5      | Killed Eustachio
  4298 | D:5      | Reached skill level 5 in Dodging
  4302 | D:5      | Reached **** piety under Trog
  4345 | D:5      | Noticed Blork the orc
  4358 | D:5      | Killed Blork the orc
  4465 | D:5      | Reached XP level 9. HP: 56/56 MP: 9/9
  4559 | D:5      | Found a bloodstained altar of Trog.
  4559 | D:5      | Found a shimmering altar of Xom.
  4560 | D:5      | Found a shadowy altar of Dithmenos.
  4724 | D:5      | Found a basalt altar of Yredelemnul.
  5105 | D:6      | Found a staircase to the Ecumenical Temple.
  5127 | D:6      | Got a translucent quarterstaff
  5128 | D:6      | Identified the +3 quarterstaff "Fyoraixip" {freeze, +Blink +Rage MP-9 Dex+5} (You found it on level 6 of the Dungeon)
  5610 | D:6      | Reached skill level 1 in Staves
  5817 | D:7      | Reached skill level 7 in Fighting
  5907 | D:7      | Noticed Prince Ribbit
  5915 | D:7      | You fall through a shaft for 3 floors!
  5915 | D:10     | Entered Level 10 of the Dungeon
  6164 | D:10     | Reached XP level 10. HP: 62/64 MP: 1/10
  6168 | D:10     | Gained mutation: You are robust (+10% HP). [mutagenic meat]
  6169 | D:10     | Gained mutation: You are partially covered in rough black scales (AC +4, Dex -1). [mutagenic meat]
  6170 | D:10     | Gained mutation: You expend magic power (3 MP) to strengthen your wands. [mutagenic meat]
  6171 | D:10     | Lost mutation: You are surrounded by a mild repulsion field (EV +2). [mutagenic meat]
  6172 | D:10     | Lost mutation: You are robust (+10% HP). [mutagenic meat]
  6265 | D:10     | Found a staircase to the Orcish Mines.
  6305 | D:10     | Reached skill level 8 in Fighting
  7113 | D:10     | Reached ***** piety under Trog
  7113 | D:10     | Reached skill level 5 in Staves
  7747 | D:11     | Noticed Urug
  7747 | D:11     | Noticed a cyclops
  7766 | D:11     | Killed a cyclops
  7775 | D:11     | Killed Urug
  7898 | D:11     | Got a translucent leather armour
  7916 | D:11     | Reached skill level 9 in Fighting
  7933 | D:11     | Identified the cursed +1 leather armour of the Forsaken Spirits {rC+ rN+ Dex+4 Stlth+} (You found it on level 11 of the Dungeon)
  8034 | D:11     | Reached XP level 11. HP: 71/71 MP: 2/11
  8436 | D:11     | Noticed Grum
  8452 | D:11     | Killed Grum
  8703 | D:11     | Noticed a hill giant
  8714 | D:11     | Killed a hill giant
  8884 | D:12     | Noticed a hill giant
  8891 | D:12     | Killed a hill giant
  9060 | D:12     | Noticed Frances
  9062 | D:12     | Noticed a sun demon
  9098 | D:12     | Killed from afar by Frances

Action                   |  1- 3 |  4- 6 |  7- 9 | 10-12 || total
-------------------------+-------+-------+-------+-------++-------
Melee: Mace              |   126 |   115 |       |       ||   241
       Flail             |       |    56 |   381 |       ||   437
       Quarterstaff      |       |       |   128 |   367 ||   495
Invok: Berserk           |       |     1 |     2 |     4 ||     7
       Trog's Hand       |       |     1 |     2 |     2 ||     5
       Burn Spellbooks   |       |     1 |     1 |     1 ||     3
  Use: Scroll            |     3 |     1 |    12 |     2 ||    18
       Potion            |       |       |     8 |     2 ||    10
 Stab: Sleeping          |       |       |       |     2 ||     2
  Eat: Chunk             |     1 |     4 |     2 |     5 ||    12
       Bread ration      |       |       |     2 |     4 ||     6
       Meat ration       |       |       |     2 |       ||     2
